 Dungeon Crawl Stone Soup version 0.23-a0-171-g5ae17c6 (webtiles) character file.

164 grindst0ne the Vexing (level 5, -1/24 HPs)
             Began as a Spriggan Enchanter on Sept 12, 2018.
             Slain by Blork the orc
             ... wielding a +0 flail
              (13 damage)
             ... on level 5 of the Dungeon.
             The game lasted 00:09:28 (2945 turns).

grindst0ne the Vexing (Spriggan Enchanter)          Turns: 2945, Time: 00:09:29

Health: -1/24      AC:  2    Str:  4    XL:     5   Next: 21%
Magic:  1/13       EV: 18    Int: 18    God:
Gold:   134        SH:  0    Dex: 16    Spells: 5/14 levels left

rFire    . . .     SeeInvis +   a - +1 dagger
rCold    . . .     Gourm    .   (shield restricted)
rNeg     . . .     Faith    .   b - +0 robe
rPois    .         Spirit   .   (helmet restricted)
rElec    .         Reflect  .   (no cloak)
rCorr    .         Harm     .   (gloves unavailable)
MR       .....                  (boots unavailable)
Stlth    +++.......             (no amulet)
HPRegen  0.08/turn              (no ring)
MPRegen  0.13/turn              (no ring)

@: very slightly contaminated, very quick
A: very small, unfitting armour, see invisible, herbivore, speed 3, slow
metabolism 2
a: no special abilities


You were on level 5 of the Dungeon.
You were not hungry.

You visited 1 branch of the dungeon, and saw 4 of its levels.

You collected 134 gold pieces.

Inventory:

Hand Weapons
 a - a +1 dagger (weapon)
Armour
 b - a +0 robe (worn)
Jewellery
 k - an uncursed ring of positive energy {unknown}
 q - an uncursed ring of wizardry {unknown}
 r - a +4 ring of evasion {unknown}
Scrolls
 c - a scroll of enchant armour {unknown}
 e - a scroll of teleportation {unknown}
 f - a scroll of noise {unknown}
 g - a scroll of identify {unknown}
 i - 2 scrolls of remove curse {unknown}
 l - 2 scrolls of fear {unknown}
 m - 3 scrolls of amnesia {unknown}
 n - a scroll of magic mapping {unknown}
Potions
 h - a potion of brilliance {unknown}
 j - 2 potions of lignification {unknown}
 o - a potion of haste {unknown}
 p - 2 potions of curing {unknown}
Comestibles
 d - 8 rations


   Skills:
 - Level 1.1 Short Blades
 - Level 3.0 Dodging
 - Level 4.4 Stealth
 + Level 5.1 Spellcasting
 + Level 5.6 Hexes


You had 5 spell levels left.
You knew the following spells:

 Your Spells              Type           Power        Failure   Level  Hunger
a - Corona                Hex            ####...      1%          1    None
b - Ensorcelled Hibernat  Hex/Ice        ##....       6%          2    #......
c - Confuse               Hex            ####....     3%          3    ##.....
d - Dazzling Spray        Conj/Hex       ##....       12%         3    ##.....

Your spell library contained the following spells:

 Spells                   Type           Power        Failure   Level  Hunger
 Tukima's Dance           Hex            ####....     3%          3    ##.....


Dungeon Overview and Level Annotations

Branches:
Dungeon (3/15)

Altars:
Ashenzari

Annotations:
D:5 Blork the orc


Innate Abilities, Weirdness & Mutations

You are very small and have problems with some larger weapons.
You are too small for most types of armour.
You have supernaturally acute eyesight. (SInv)
You are a herbivore.
You cover ground extremely quickly.
You need to consume almost no food.


Message History

Press: ? - help, Shift-Dir - straight line, f/p - orc priest
Aim: an orc priest, wielding a mace and wearing a leather armour (chance to The orc priest resists with some effort.
The orc wizard completely misses you. The orc completely misses you.
Casting: Ensorcelled Hibernation (safe; 7% risk of failure)
Confirm with . or Enter, or press ? or * to list all spells.
Aiming: Ensorcelled Hibernation (safe; 7% risk of failure)
Press: ? - help, Shift-Dir - straight line, f/p - orc priest
Aim: an orc priest, wielding a mace and wearing a leather armour (chance to The orc priest looks drowsy...
The orc wizard barely misses you. The orc hits you with a flail.
The helpless orc priest fails to defend itself.
You impale the orc priest!!
You kill the orc priest!
Your Spellcasting skill increases to level 5!
You have reached level 5!
You feel clever. Blork the orc hits you with a flail!
Ouch! That really hurt!
You die...

#.. #.#
#.# #.#
#.#
#.#####
#.#.".
#o#.###
#o@)..#
###o#.#
.# .#
.# .#
.# .#


You could see Blork the orc, an orc wizard and an orc.

Vanquished Creatures
  An orc priest (D:5)
  5 adders
  3 dart slugs
  2 worms
  2 leopard geckos (D:1)
  3 orcs
  2 giant cockroaches (D:3)
  7 hobgoblins
  11 jackals
  3 ball pythons
  10 bats
  6 frilled lizards
  5 goblins
  6 kobolds
  4 rats
70 creatures vanquished.

Notes
Turn   | Place    | Note
-------+----------+-------------------------------------------
     0 | D:1      | grindst0ne the Spriggan Enchanter began the quest for the
                  | Orb.
     0 | D:1      | Reached XP level 1. HP: 9/9 MP: 5/5
   269 | D:1      | Reached XP level 2. HP: 13/13 MP: 7/7
   325 | D:1      | Learned a level 2 spell: Ensorcelled Hibernation
   750 | D:2      | Reached XP level 3. HP: 16/16 MP: 7/9
   797 | D:2      | Learned a level 3 spell: Confuse
  1440 | D:2      | Found a shattered altar of Ashenzari.
  1525 | D:2      | Reached skill level 5 in Hexes
  1525 | D:2      | Reached XP level 4. HP: 21/21 MP: 2/11
  2382 | D:3      | Learned a level 3 spell: Dazzling Spray
  2936 | D:3      | You fall through a shaft for 2 floors!
  2936 | D:5      | Entered Level 5 of the Dungeon
  2938 | D:5      | Noticed Blork the orc
  2945 | D:5      | Reached skill level 5 in Spellcasting
  2945 | D:5      | Reached XP level 5. HP: 12/24 MP: 1/13
  2945 | D:5      | Slain by Blork the orc

Vault maps used:
D:1:      elethiomel_arrival_quiet, minmay_tetromino_s4
D:2:      ashenzari_conservatory_becter, first_ration, grunt_ministairs_6,
          kennysheep_generic_room_9
D:3:      st_stairs_11
D:5:      minmay_temple_entry_junction, serial_shops, shop, uniq_sigmund,
          uniq_menkaure, uniq_edmund, uniq_blork_the_orc, uniq_duvessa

Skill      XL: |  1  2  3  4 |
---------------+-------------+-----
Spellcasting   | 3 4 5 |  5.1
Hexes          | 4 5 |  5.6
Short Blades   | |  1.1
Dodging        | |  3.0
Stealth        | |  4.4

Action                   |  1- 3 |  4- 6 || total
-------------------------+-------+-------++-------
Melee: Dagger            |    82 |    67 ||   149
 Cast: Ensorcelled Hiber |    32 |    39 ||    71
       Corona            |     1 |       ||     1
       Confuse           |       |     2 ||     2
  Use: Potion            |       |     1 ||     1
 Stab: Sleeping          |    27 |    27 ||    54
       Confused          |       |     1 ||     1
  Eat: Ration            |       |     1 ||     1
Armor: Robe              |    12 |     2 ||    14
Dodge: Dodged            |    76 |    59 ||   135

Table legend:
 A = Non-vault XP
 B = Vault XP
 C = Vault XP percentage of total XP
 D = Non-vault monster count
 E = Vault monster count
 F = Vault count percentage of total count
                 A         B        C        D         E       F
            +---------+---------+-------+---------+---------+-------
      Total |     215 |      20 |   8.5 |      61 |       9 |  12.9
            +---------+---------+-------+---------+---------+-------
        D:1 |      27 |       2 |   6.9 |      14 |       1 |   6.7
        D:2 |      83 |       6 |   6.7 |      27 |       3 |  10.0
        D:3 |      61 |      12 |  16.4 |      18 |       5 |  21.7
        D:5 |      44 |       0 |   0.0 |       2 |       0 |   0.0
            +---------+---------+-------+---------+---------+-------
